 Dungeon Crawl Stone Soup version 0.22.1-2-g9c5b331 (webtiles) character file.

168 MalarOregon the Chiller (level 5, -4/38 HPs)
             Began as a Merfolk Ice Elementalist on Nov 28, 2018.
             Was an Initiate of Nemelex Xobeh.
             Killed by divine providence
             ... invoked by an orc priest
              (15 damage)
             ... on level 3 of the Dungeon.
             The game lasted 00:06:38 (2513 turns).

MalarOregon the Chiller (Merfolk Ice Elementalist)  Turns: 2513, Time: 00:06:38

Health: -4/38      AC:  3    Str:  8    XL:     5   Next: 49%
Magic:  1/9        EV: 14    Int: 15    God:    Nemelex Xobeh [......]
Gold:   110        SH:  0    Dex: 15    Spells: 2/9 levels left

rFire    . . .     SeeInvis .   d - +1 spear
rCold    . . .     Gourm    .   (no shield)
rNeg     . . .     Faith    .   l - +0 robe
rPois    .         Spirit   .   f - +0 helmet
rElec    .         Reflect  .   (no cloak)
rCorr    .         Harm     .   (no gloves)
MR       .....                  (no boots)
Stlth    ++........             k - amulet of magic regeneration
HPRegen  0.12/turn              (no ring)
MPRegen  0.36/turn              (no ring)

@: lethally poisoned (-4 -> -5)
A: change form in water, swift swim, stealthy swim
a: Renounce Religion


You were on level 3 of the Dungeon.
You worshipped Nemelex Xobeh.
Nemelex Xobeh was noncommittal.
You were not hungry.

You visited 1 branch of the dungeon, and saw 3 of its levels.

You collected 110 gold pieces.

Inventory:

Hand Weapons
 d - a +1 spear (weapon)
   (You found it on level 2 of the Dungeon)
Armour
 f - a +0 helmet (worn)
   (You found it on level 1 of the Dungeon)
 l - a +0 robe (worn)
   (You found it on level 1 of the Dungeon)
 o - a cursed +0 ring mail
   (You took it off a goblin on level 2 of the Dungeon)
Jewellery
 k - an amulet of magic regeneration (around neck)
   (You found it on level 1 of the Dungeon)
Scrolls
 p - a scroll of fear
Potions
 a - a potion of cancellation {unknown}
 b - a potion of lignification {unknown}
 c - a potion of brilliance {unknown}
 h - a potion of heal wounds {unknown}
 i - a potion of might {unknown}
 m - a potion of invisibility {unknown}
 n - a potion of degeneration {unknown}
Miscellaneous
 j - a plain deck of summoning
   (Nemelex Xobeh gifted it to you on level 2 of the Dungeon)
Comestibles
 e - 4 rations {!d}
 g - a chunk of flesh


   Skills:
 * Level 2.1 Fighting
 * Level 0.8 Polearms
 + Level 1.2 Armour
 + Level 3.7 Dodging
 - Level 2.1 Stealth
 * Level 2.7 Spellcasting
 + Level 1.3 Conjurations
 + Level 0.1 Summonings
 * Level 4.1 Ice Magic
 + Level 0.3 Invocations


You had 2 spell levels left.
You knew the following spells:

 Your Spells              Type           Power        Failure   Level  Hunger
a - Freeze                Ice            ##..         3%          1    #......
d - Summon Ice Beast      Ice/Summ       #.......     65%         4    #####..
x - Throw Frost           Conj/Ice       ##....       10%         2    ##.....

Your spell library contained the following spells:

 Spells                   Type           Power        Failure   Level  Hunger
 Ozocubu's Armour         Chrm/Ice       #.......     26%         3    ###....
 Throw Icicle             Conj/Ice       ##......     54%         4    #####..


Dungeon Overview and Level Annotations

Branches:
Dungeon (3/15)

Altars:
Dithmenos
Nemelex Xobeh


Message History

The adder poisons you!
Aim: an adder You freeze the adder.
You feel sick. The adder completely misses you.
Aim: an adder (heavily wounded)
You freeze the adder.
You kill the adder!
Aim: an orc, wearing a scale mail You freeze the orc.
The orc barely misses you.
The orc priest calls upon Beogh to heal the orc.
The orc's wounds heal themselves!
You hear a shout!
Aim: an orc, wearing a scale mail You freeze the orc.
You feel sick. The orc closely misses you.
The orc priest looks satisfied for a moment.
Aim: an orc, wearing a scale mail (heavily wounded)
You freeze the orc.
You kill the orc!
The orc priest miscasts a cantrip.
You can't see any susceptible monsters within range! (Use Z to cast anyway.)
The orc priest closely misses you.
Items here: $ ) ? [ ††† You miss the orc priest.
The orc priest misses you.
Unknown command.
You miss the orc priest.
You feel sick.
Aim: an orc priest, wielding a flail (unusually agile)
You freeze the orc priest.
The orc priest calls upon Beogh to heal the orc priest.
The orc priest's wounds heal themselves!
The orc priest closely misses you.
Aim: an orc priest, wielding a flail (unusually agile)
You freeze the orc priest. The orc priest hits you with a flail!
Aim: an orc priest, wielding a flail (lightly wounded, unusually agile)
You freeze the orc priest.
You feel sick.
The orc priest casts a cantrip, but nothing happens.
Aim: an orc priest, wielding a flail (moderately wounded, unusually agile)
You freeze the orc priest. The orc priest hits you with a flail!
* * * LOW HITPOINT WARNING * * *
Aim: an orc priest, wielding a flail (severely wounded, unusually agile)
You freeze the orc priest.
The orc priest mumbles some strange prayers to Beogh against you.
Pain shoots through your body!
* * * LOW HITPOINT WARNING * * *
Aim: an orc priest, wielding a flail (almost dead, unusually agile)
You freeze the orc priest.
You kill the orc priest!
Your Fighting skill increases to level 2!
The orc priest invokes the aid of Beogh against you.
Beogh smites you!
You die...
Your body disappears without a glow.

#.#.##### #.##.#
#.......#########S##.#
##......§§§......#.>.###
#.###..§.§.####o..#...#
#. #..§§§.# #.o....#...
#. #..§..## #....#...##
#. #.##.## #.#.###### #.
#.##.#####.#.# #.
#.....@)o...(# #.
####.#####.### #.# #...
#.# ####.# #.# # #.# ...
..


You could see an orc priest.

Vanquished Creatures
  An orc priest (D:3)
  4 adders
  5 oozes (D:1)
  A worm (D:2)
  A dart slug (D:1)
  2 leopard geckos
  3 orcs (D:3)
  A ball python (D:2)
  9 giant cockroaches
  9 goblins
  2 hobgoblins (D:1)
  6 jackals (D:1)
  6 kobolds
  A quokka (D:2)
  6 bats
  A giant cockroach zombie (D:2)
  9 rats
67 creatures vanquished.

Notes
Turn   | Place    | Note
-------+----------+-------------------------------------------
     0 | D:1      | MalarOregon the Merfolk Ice Elementalist began the quest
                  | for the Orb.
     0 | D:1      | Reached XP level 1. HP: 13/13 MP: 3/3
     1 | D:1      | Found a runed door.
   216 | D:1      | Reached XP level 2. HP: 20/20 MP: 5/5
   390 | D:1      | Reached skill level 1 in Fighting
   708 | D:1      | Reached XP level 3. HP: 24/26 MP: 3/6
   778 | D:1      | Learned a level 2 spell: Throw Frost
   929 | D:1      | Reached skill level 1 in Conjurations
   929 | D:1      | Reached XP level 4. HP: 12/32 MP: 0/7
  1288 | D:2      | Reached skill level 1 in Armour
  1875 | D:2      | Reached skill level 4 in Ice Magic
  2120 | D:2      | Found a sparkling altar of Nemelex Xobeh.
  2125 | D:2      | Became a worshipper of Nemelex Xobeh the Trickster
  2185 | D:2      | Learned a level 4 spell: Summon Ice Beast
  2205 | D:2      | Reached XP level 5. HP: 34/38 MP: 8/8
  2234 | D:2      | Received a gift from Nemelex Xobeh
  2435 | D:3      | Found a shadowy altar of Dithmenos.
  2513 | D:3      | Killed from afar by an orc priest

Skill      XL: |  1  2  3  4  5 |
---------------+----------------+-----
Dodging        | 3 |  3.7
Fighting       | 1 2 |  2.1
Conjurations   | 1 |  1.3
Armour         | 1 |  1.2
Ice Magic      | 4 |  4.1
Polearms       | |  0.8
Stealth        | |  2.1
Spellcasting   | |  2.7
Summonings     | |  0.1
Invocations    | |  0.3

Action                   |  1- 3 |  4- 6 || total
-------------------------+-------+-------++-------
Melee: Dagger            |    70 |    40 ||   110
       Spear             |       |    31 ||    31
 Cast: Freeze            |    43 |    37 ||    80
       Throw Frost       |       |    14 ||    14
  Use: Scroll            |       |     7 ||     7
 Stab: Sleeping          |     2 |     2 ||     4
  Eat: Chunk             |       |     7 ||     7
Armor: Robe              |    19 |    23 ||    42
Dodge: Dodged            |    64 |    52 ||   116
